 Dungeon Crawl Stone Soup version 0.23.2-40-g277498a001 (webtiles) character file.

Game seed: 15643166860202863756

18477 Kostasan the Severer (level 12, -8/160 HPs)
             Began as a Minotaur Berserker on Oct 2, 2019.
             Was a High Priest of Trog.
             Mangled by a freezing wraith (9 damage)
             ... in an ice cave.
             The game lasted 00:58:20 (10179 turns).

Kostasan the Severer (Minotaur Berserker)          Turns: 10179, Time: 00:58:20

Health: -8/160     AC: 18    Str: 30    XL:     12   Next: 28%
Magic:  0/3        EV: 11    Int:  4    God:    Trog [*****.]
Gold:   635        SH:  0    Dex: 18    Spells: 11/11 levels left

rFire    . . .     SeeInvis .   F - +5 executioner's axe (antimagic)
rCold    + . .     Gourm    .   (shield currently unavailable)
rNeg     . . .     Faith    .   k - +1 plate armour
rPois    .         Spirit   +   (helmet restricted)
rElec    .         Reflect  .   K - +0 cloak
rCorr    .         Harm     .   E - +0 pair of fencer's gloves {Riposte Dex+3}
MR       .....                  (no boots)
Stlth    ..........             P - amulet of guardian spirit
HPRegen  0.36/turn              H - ring of protection from cold
MPRegen  0.08/turn              f - +3 ring of strength

@: berserking, slowed, studying Slings
A: retaliatory headbutt, horns 2
a: Berserk, Trog's Hand, Brothers in Arms, Renounce Religion


You were in an ice cave.
You worshipped Trog.
Trog was extremely pleased with you.
You were very hungry.

You visited 1 branch of the dungeon, and saw 12 of its levels.
You also visited: Sewer and Ice Cave.

You collected 635 gold pieces.

Inventory:

Hand Weapons
 F - a +5 antimagic executioner's axe (weapon)
 J - a +0 spear of flaming
Armour
 k - a +1 plate armour (worn)
 E - the +0 pair of fencer's gloves (worn) {Riposte Dex+3}
   (You found it on level 6 of the Dungeon)

   It affects your dexterity (+3).
 K - a +0 cloak (worn)
Jewellery
 e - a +4 ring of evasion
 f - a +3 ring of strength (right hand)
 H - a ring of protection from cold (left hand)
 L - an uncursed ring of positive energy
 P - an amulet of guardian spirit (around neck)
Wands
 h - a wand of random effects (10)
 p - a wand of digging (4)
 v - a wand of disintegration (26)
 C - a wand of acid (18)
 M - a wand of iceblast (6)
 N - a wand of enslavement (16)
Scrolls
 b - 2 scrolls of blinking
 d - 6 scrolls of teleportation
 g - 2 scrolls of amnesia
 l - 12 scrolls of remove curse
 q - 2 scrolls of enchant armour
 r - 4 scrolls of enchant weapon
 u - a scroll of random uselessness {unknown}
 y - 4 scrolls of identify
 z - a scroll of fog
 B - a scroll of immolation {unknown}
 R - a scroll of brand weapon {unknown}
 S - a scroll of silence {unknown}
Potions
 i - 2 potions of berserk rage {unknown}
 j - 3 potions of flight
 m - 5 potions of curing
 n - a potion of agility
 o - a potion of resistance
 s - 4 potions of heal wounds
 t - a potion of brilliance {unknown}
 w - a potion of mutation {unknown}
 x - 2 potions of lignification {unknown}
 A - 2 potions of might {unknown}
 D - 5 potions of degeneration {unknown}
 I - a potion of cancellation {unknown}
 Q - a potion of magic {unknown}
Books
 a - a manual of Slings
Comestibles
 c - 19 rations


   Skills:
 + Level 10.5 Fighting
 * Level 18.0 Axes
 + Level 10.2 Armour
 + Level 5.5 Dodging


You had 11 spell levels left.
You didn't know any spells.
Your spell library contained the following spells:

 Spells                   Type           Power        Failure   Level  Hunger
 Animate Skeleton         Necr           N/A          99%         1    ##.....
 Beastly Appendage        Tmut           #.....       99%         1    ##.....
 Confusing Touch          Hex            #.....       99%         1    ##.....
 Pain                     Necr           #...         99%         1    ##.....
 Sticks to Snakes         Tmut           #.......     99%         2    ###....
 Confuse                  Hex            #.......     100%        3    ####...
 Gell's Gravitas          Tloc           #.........   100%        3    ####...
 Regeneration             Chrm/Necr      #.........   100%        3    ####...
 Spider Form              Tmut/Pois      #.........   100%        3    ####...
 Vampiric Draining        Necr           #.........   100%        3    ####...
 Animate Dead             Necr           N/A          100%        4    #####..
 Ice Form                 Ice/Tmut       #.......     100%        4    #####..
 Petrify                  Tmut/Erth      #.......     100%        4    #####..
 Blade Hands              Tmut           #.........   100%        5    ######.
 Metabolic Englaciation   Hex/Ice        #.........   100%        5    ######.
 Yara's Violent Unravell  Hex/Tmut       #.........   100%        5    ######.


Dungeon Overview and Level Annotations

Branches:
Dungeon (12/15)            Temple (0/1) D:7            Lair (0/6) D:8
    Orc (0/2) D:10

Altars:
Cheibriados
Dithmenos
Elyvilon
Qazlal
Ru
Xom
Zin


Innate Abilities, Weirdness & Mutations

You reflexively headbutt those who attack you in melee.
You have a pair of horns on your head.


Message History

The freezing wraith hits you. The freezing wraith freezes you! You resist.
* * * LOW HITPOINT WARNING * * *
The freezing wraith hits you but does no damage. x3
A red film seems to cover your vision as you go berserk!
You feel yourself moving faster!
You feel mighty!
You are feeling very hungry.
The freezing wraith hits you.
* * * LOW HITPOINT WARNING * * *
The freezing wraith freezes you! You resist.
* * * LOW HITPOINT WARNING * * *
The freezing wraith hits you but does no damage.
The freezing wraith hits you!
* * * LOW HITPOINT WARNING * * *
The freezing wraith freezes you! You resist.
* * * LOW HITPOINT WARNING * * *
The freezing wraith completely misses you.
The freezing wraith hits you!
* * * LOW HITPOINT WARNING * * *
The freezing wraith freezes you! You resist.
You die...

#....## #...###
###...#### #..###
##....###........##
#...##
##...............##
##...###
####.............#
###...###
##............#
###...###
##..........#
##....###
##.#....#.#
###....## ####..##
###..@## ##..#
###WW# ##..## #.Y##
#..## ...## #...##
..... ##...##
....... ##...#
....... ##...#
......# #...##
#...## ##...##


You could see 2 freezing wraiths and an ice beast.

Vanquished Creatures
  Josephine (D:10)
  2 two-headed ogres
  Nergalle (D:10)
  2 unseen horrors
  An elephant (D:8)
  A gargoyle (D:10)
  2 ice devils (D:12)
  A queen bee (D:11)
  2 trolls
  4 freezing wraiths (IceCv)
  A tengu conjurer (D:12)
  A hornet (D:9)
  Grinder (Sewer)
  3 hippogriffs
  4 slime creatures (D:12)
  Sigmund (D:5)
  A vampire (D:11)
  2 basilisks (D:8)
  3 wraiths (D:10)
  A human (D:10)
  A yak (D:9)
  A wyvern (D:11)
  The ghost of sydd the Digger, an amateur DgEE (D:4)
  Menkaure (D:5)
  A death yak simulacrum (IceCv)
  2 soldier ants
  Duvessa (D:5)
  6 orc warriors
  10 ice beasts
  2 phantoms
  A sky beast (D:7)
  2 necrophages
  5 ogres
  A wolf (D:9)
  7 centaurs
  2 big kobolds
  Blork the orc (D:6)
  A gnoll sergeant (D:9)
  Dowan (D:5)
  4 scorpions
  A water moccasin skeleton (D:9)
  26 killer bees
  2 elephant simulacra (IceCv)
  10 wights
  11 howler monkeys
  A bullfrog zombie (D:6)
  3 centaur zombies
  5 crimson imps
  2 jellies
  5 hounds
  10 orc priests
  14 orc wizards
  2 bullfrog skeletons
  2 iguanas
  4 worker ants
  A polar bear simulacrum (IceCv)
  An ogre zombie (D:5)
  2 big kobold zombies (Sewer)
  A hound zombie (D:5)
  A hound skeleton (D:4)
  A worker ant zombie (D:5)
  A killer bee simulacrum (D:9)
  A howler monkey zombie (D:7)
  A howler monkey skeleton (D:7)
  An orc zombie (D:5)
  8 adders
  5 gnolls (D:9)
  6 shadow imps
  6 white imps
  A howler monkey simulacrum (D:9)
  A worker ant simulacrum (D:9)
  4 ufetubi (Sewer)
  4 oozes
  An adder skeleton (D:4)
  4 adder zombies
  8 worms
  An adder simulacrum (D:9)
  A leopard gecko (D:1)
  42 orcs
  8 giant cockroaches
  4 goblins
  7 hobgoblins
  7 jackals
  6 quokkas
  4 ball pythons
  9 bats
  2 frilled lizards
  A giant cockroach zombie (D:4)
  A jackal skeleton (D:4)
  17 kobolds
  A kobold zombie (Sewer)
  A leopard gecko skeleton (D:8)
  A quokka skeleton (D:5)
  10 rats
366 creatures vanquished.

Notes
Turn   | Place    | Note
-------+----------+-------------------------------------------
     0 | D:1      | Kostasan the Minotaur Berserker began the quest for the
                  | Orb.
     0 | D:1      | Reached XP level 1. HP: 19/19 MP: 0/0
    39 | D:1      | Reached skill level 4 in Axes
   145 | D:1      | Reached XP level 2. HP: 20/26 MP: 1/1
   571 | D:1      | Reached ** piety under Trog
   592 | D:1      | Reached skill level 5 in Axes
   969 | D:2      | Reached XP level 3. HP: 31/31 MP: 2/2
  1198 | D:2      | Found a shimmering altar of Xom.
  1380 | D:2      | Found a white marble altar of Elyvilon.
  1380 | D:2      | Found a sacrificial altar of Ru.
  1382 | D:2      | Found a snail-covered altar of Cheibriados.
  1669 | D:3      | Reached skill level 6 in Axes
  1669 | D:3      | Reached XP level 4. HP: 36/39 MP: 3/3
  1952 | D:3      | Found a glowing drain.
  1983 | Sewer    | Entered a sewer
  2076 | Sewer    | Reached *** piety under Trog
  2147 | Sewer    | Reached skill level 7 in Axes
  2147 | Sewer    | Reached XP level 5. HP: 45/45 MP: 4/4
  2181 | Sewer    | Found an ancient bone altar of Kikubaaqudgha.
  2231 | Sewer    | Noticed Grinder
  2237 | Sewer    | Reached skill level 8 in Axes
  2239 | Sewer    | Paralysed by Grinder for 6 turns
  2249 | Sewer    | Killed Grinder
  2249 | Sewer    | Reached skill level 9 in Axes
  2249 | Sewer    | Reached XP level 6. HP: 40/51 MP: 5/5
  2283 | Sewer    | Reached XP level 7. HP: 46/56 MP: 6/6
  2682 | D:3      | Reached skill level 10 in Axes
  3071 | D:4      | Reached **** piety under Trog
  3290 | D:4      | Found a transporter.
  3372 | D:4      | Found a transporter.
  3372 | D:4      | Noticed sydd's ghost (amateur DgEE)
  3642 | D:4      | Killed sydd's ghost
  3643 | D:4      | Reached skill level 11 in Axes
  3728 | D:5      | Entered Level 5 of the Dungeon
  3748 | D:5      | Reached XP level 8. HP: 55/63 MP: 7/7
  3787 | D:5      | Found a transporter.
  3821 | D:5      | Noticed Sigmund
  3827 | D:5      | Killed Sigmund
  3827 | D:5      | Reached skill level 12 in Axes
  3895 | D:5      | Found a transporter.
  3968 | D:5      | Noticed Menkaure
  3974 | D:5      | Killed Menkaure
  4196 | D:5      | Reached ***** piety under Trog
  4196 | D:5      | Reached skill level 13 in Axes
  4383 | D:5      | Noticed Dowan
  4384 | D:5      | Noticed Duvessa
  4398 | D:5      | Killed Duvessa
  4402 | D:5      | Killed Dowan
  4711 | D:6      | Found the +0 pair of fencer's gloves {Riposte Dex+3}
  4738 | D:6      | Reached XP level 9. HP: 70/70 MP: 8/8
  4803 | D:6      | Reached skill level 14 in Axes
  4888 | D:6      | Noticed Blork the orc
  4895 | D:6      | Killed Blork the orc
  5092 | D:6      | Found a shadowy altar of Dithmenos.
  5092 | D:6      | Found a faded altar of an unknown god.
  5097 | D:6      | Found a faded altar of an unknown god.
  5099 | D:6      | Found a glowing silver altar of Zin.
  5101 | D:6      | Found a stormy altar of Qazlal.
  5408 | D:7      | Received a gift from Trog
  5687 | D:7      | Reached skill level 15 in Axes
  5996 | D:7      | Found a staircase to the Ecumenical Temple.
  6182 | D:8      | Noticed a two-headed ogre
  6187 | D:8      | Killed a two-headed ogre
  6187 | D:8      | Reached skill level 5 in Fighting
  6194 | D:8      | Noticed an elephant
  6214 | D:8      | Killed an elephant
  6214 | D:8      | Reached XP level 10. HP: 31/81 MP: 3/9
  6216 | D:8      | Reached skill level 5 in Armour
  6434 | D:8      | Found a staircase to the Lair.
  6652 | D:8      | Got a crude dagger
  6653 | D:8      | Identified the +4 dagger of Intimidation {pierce, Fragile
                  | rElec rC+++ Stlth+} (You found it on level 8 of the
                  | Dungeon)
  7488 | D:9      | Reached skill level 16 in Axes
  7885 | D:10     | Entered Level 10 of the Dungeon
  7946 | D:10     | Received a gift from Trog
  7968 | D:10     | Found a staircase to the Orcish Mines.
  7978 | D:10     | Identified the cursed +1 dagger of Tapryusk {pierce, rPois}
  8148 | D:10     | Noticed Nergalle
  8157 | D:10     | Killed Nergalle
  8157 | D:10     | Reached XP level 11. HP: 95/95 MP: 3/10
  8231 | D:10     | Killed an unseen horror
  8284 | D:10     | Noticed Josephine
  8289 | D:10     | Killed Josephine
  8778 | D:11     | Reached skill level 17 in Axes
  9087 | D:11     | Killed an unseen horror
  9123 | D:11     | Received a gift from Trog
  9162 | D:11     | Noticed a two-headed ogre
  9179 | D:11     | Killed a two-headed ogre
  9366 | D:11     | Reached skill level 10 in Fighting
  9711 | D:12     | Reached XP level 12. HP: 71/106 MP: 3/11
  9746 | D:12     | Reached skill level 5 in Dodging
  9825 | D:12     | Found a frozen archway.
  9835 | D:12     | Reached skill level 10 in Armour
  9844 | IceCv    | Entered an ice cave
 10158 | IceCv    | Reached skill level 18 in Axes
 10179 | IceCv    | HP: 8/160 [freezing wraith (9)]
 10179 | IceCv    | HP: 1/160 [freezing wraith (7)]
 10179 | IceCv    | Mangled by a freezing wraith

Skill      XL: |  1  2  3  4  5  6  7  8  9 10 11 12 |
---------------+-------------------------------------+-----
Axes           | 4 5 6 7 9 11 13 15 16 17 18 | 18.0
Fighting       | 5 8 10 | 10.5
Armour         | 4 8 9 10 | 10.2
Dodging        | 4 5 |  5.5

Action                   |  1- 3 |  4- 6 |  7- 9 | 10-12 || total
-------------------------+-------+-------+-------+-------++-------
Melee: Hand axe          |    69 |    80 |    48 |       ||   197
       Headbutt          |    14 |    19 |    37 |    79 ||   149
       War axe           |       |       |   132 |       ||   132
       Executioner's axe |       |       |    32 |   311 ||   343
Throw: Stone             |    45 |       |       |       ||    45
       Tomahawk          |    18 |    16 |    61 |       ||    95
Invok: Berserk           |     1 |     2 |     5 |     6 ||    14
       Trog's Hand       |       |       |     1 |     2 ||     3
  Use: Scroll            |     1 |       |    13 |     1 ||    15
       Potion            |       |       |     3 |       ||     3
  Eat: Chunk             |     3 |     3 |    11 |    19 ||    36
       Ration            |       |       |     2 |       ||     2
Armor: Animal skin       |     4 |       |       |       ||     4
       Plate armour      |    18 |    32 |    78 |   270 ||   398
Dodge: Dodged            |    39 |    31 |   106 |   217 ||   393
       Rpst.: Executioner's axe |       |       |     4 |    48 ||    52
       War axe           |       |       |     3 |       ||     3
